 Dungeon Crawl Stone Soup version 0.14-a0-987-gc8002fa (webtiles) character file.

1243 PolkaDot the Ruinous (level 8, -8/52 HPs)
             Began as a Vampire Conjurer on Nov 21, 2013.
             Was a Follower of Vehumet.
             Mangled by ark's ghost (15 damage)
             ... on Level 6 of the Dungeon.
             The game lasted 00:28:40 (6075 turns).

PolkaDot the Ruinous (Vampire Conjurer)             Turns: 6075, Time: 00:28:40

HP  -8/52        AC  2     Str 11      XL: 8   Next:  7%
MP   1/18        EV 13     Int 20      God: Vehumet [*.....]
Gold 172         SH  0     Dex 18      Spells:  3 memorised,  7 levels left

Res.Fire  : . . .   See Invis. : +   m - +5,+6 sabre of Darol {freeze, Str+4 Dex+4}
Res.Cold  : . . .   Warding    : .   a - +0 robe
Life Prot.: + . .   Conserve   : .   (no shield)
Res.Poison: .       Res.Corr.  : +   (no helmet)
Res.Elec. : .       Clarity    : .   (no cloak)
Sust.Abil.: . .     Spirit.Shd : .   (no gloves)
Res.Mut.  : .       Stasis     : .   (no boots)
Res.Rott. : .       Flight     : .   r - amulet of resist corrosion
Saprovore : . . .                    u - +1 ring of intelligence
                                     s - ring of wizardry

@: very slightly contaminated, somewhat resistant to hostile enchantments,
stealthy
A: bottle blood, fangs 3, see invisible, unbreathing
a: Bat Form, Bottle Blood, Renounce Religion


You were on level 6 of the Dungeon.
You worshipped Vehumet.
Vehumet was aware of your devotion.
You were not thirsty.

You visited 2 branches of the dungeon, and saw 7 of its levels.
You also visited: Ossuary.

You collected 172 gold pieces.

Inventory:

Hand weapons
 m - the +5,+6 sabre of Darol (weapon) {freeze, Str+4 Dex+4}
   (You found it on level 6 of the Dungeon)

   It has been specially enchanted to freeze those struck by it, causing extra
   injury to most foes and up to double damage against particularly susceptible
   opponents.
   It can also slow down cold-blooded creatures.
   It affects your strength (+4).
   It affects your dexterity (+4).
Armour
 a - a +0 robe (worn)
Magical devices
 p - a wand of lightning (5)
 v - a wand of disintegration (14) {unknown}
 A - a wand of magic darts (8) {unknown}
Scrolls
 b - 2 scrolls of recharging {unknown}
 d - a scroll of enchant armour {unknown}
 e - a scroll of fear
 i - 2 scrolls of identify
 k - 2 scrolls of magic mapping {unknown}
 l - 3 scrolls of remove curse
 n - a scroll of amnesia {unknown}
 o - 2 scrolls of enchant weapon II
 q - a scroll of curse jewellery {unknown}
 x - a scroll of blinking {unknown}
 B - a scroll of curse weapon {unknown}
 C - a scroll of immolation {unknown}
Jewellery
 g - an uncursed ring of protection from fire
 r - an amulet of resist corrosion (around neck)
 s - a ring of wizardry (left hand)
 u - a +1 ring of intelligence (right hand)
 y - an uncursed ring of flight
Potions
 f - a potion of speed
 j - 3 potions of curing
 w - a potion of heal wounds
 z - a potion of confusion
Books
 c - a book of Conjurations

   Spells                             Type                      Level
   *Magic Dart                        Conjuration                  1
   *Searing Ray                       Conjuration                  2
   Dazzling Spray                     Conjuration/Hexes            3
   Iskenderun's Mystic Blast          Conjuration                  4
   *Iskenderun's Battlesphere         Conjuration/Charms           4
   Fulminant Prism                    Conjuration/Hexes            5
 h - a Necronomicon {highlevel}

   This book is beyond your current level of understanding.

   Spells                             Type                      Level
   Haunt                              Necromancy/Summoning         7
   Borgnjor's Revivification          Necromancy                   8
   Death's Door                       Charms/Necromancy            8
   Necromutation                      Transmutation/Necromancy     8
 t - a book of the Earth

   Spells                             Type                      Level
   Dig                                Earth                        4
   Leda's Liquefaction                Hexes/Earth                  4
   Bolt of Magma                      Conjuration/Fire/Earth       5
   Statue Form                        Transmutation/Earth          6
   Iron Shot                          Conjuration/Earth            6
   Shatter                            Earth                        9


   Skills:
 - Level 2.1 Dodging
 - Level 3.0 Stealth
 + Level 3.6 Spellcasting
 * Level 6.6 Conjurations
 + Level 3.7 Charms


You had 7 spell levels left.
You knew the following spells:

 Your Spells              Type           Power        Failure   Level  Hunger
a - Magic Dart            Conj           ####         1%          1    None
s - Searing Ray           Conj           ####..       1%          2    ##.....
z - Iskenderun's Battles  Conj/Chrm      ###.....     7%          4    ####...


Dungeon Overview and Level Annotations

Branches:
Dungeon (6/16)             Temple (1/1) D:4

Altars:
Ashenzari
Cheibriados
Elyvilon
Fedhas
Kikubaaqudgha
Makhleb
Nemelex Xobeh
Okawaru
Sif Muna
Trog
Vehumet
Xom
Yredelemnul
Zin
the Shining One

Annotations:
D:6 ark's ghost, experienced TrEE


Innate Abilities, Weirdness & Mutations

You can bottle blood from corpses.
You have razor-sharp teeth.*
You have supernaturally acute eyesight.
You can survive without breathing.*


Message History

The barrage of energy hits ark's ghost.
Ark's ghost is severely damaged.
Ark's ghost gestures at you while chanting.
The rocky blast hits you!
* * * LOW HITPOINT WARNING * * *
The searing ray hits ark's ghost.
Ark's ghost is severely damaged.
* * * LOW MAGIC WARNING * * *
Your battlesphere fires!
The barrage of energy hits ark's ghost.
Ark's ghost is severely damaged.
Your battlesphere expends the last of its energy and dissipates.
Ark's ghost casts a spell at you. The rocky blast hits you!
* * * LOW HITPOINT WARNING * * *
The searing ray hits ark's ghost.
Ark's ghost is almost destroyed.
* * * LOW MAGIC WARNING * * *
Ark's ghost hits you!
You die...

.........#.# #.#.#
#####.##...# #.#<#
...........###.#.#
#####..........#[#
####..######.#
#....# #.# #.#..#
##.####### #....#
#ยง.p.......
#######...#
#.@####...#
.........##
#.......#
######...#
#.#####...# #
#...# #.# # #...#
#.# # #...######.#
######...#......#
.............####
#.##.....#.#.#


You could see ark's ghost.

Vanquished Creatures
  An ice beast (D:6)
  A sky beast (D:5)
  A giant frog (D:6)
  4 hounds
  A jelly (D:5)
  A goliath beetle (D:6)
  A worker ant (D:5)
  3 crimson imps
  An iguana (D:6)
  2 orc priests
  A scorpion (D:6)
  6 orc wizards
  A big kobold zombie (Ossuary)
  An ogre zombie (D:6)
  A hound skeleton (D:6)
  3 mummies (Ossuary)
  A gnoll (D:5)
  6 adders
  2 giant mites
  2 worms (D:6)
  A giant gecko (D:1)
  2 oozes
  10 orcs
  2 ball pythons
  8 bats
  3 giant cockroaches
  4 goblins
  5 hobgoblins
  4 jackals (D:2)
  A quokka (D:6)
  A giant gecko skeleton (D:4)
  2 giant newts
  A hobgoblin skeleton (D:4)
  2 hobgoblin zombies (Ossuary)
  9 kobolds
  An orc zombie (D:6)
  10 rats
  2 rat zombies (D:5)
108 creatures vanquished.

Notes
Turn   | Place    | Note
--------------------------------------------------------------
     0 | D:1      | PolkaDot, the Vampire Conjurer, began the quest for the Orb.
     0 | D:1      | Reached XP level 1. HP: 13/13 MP: 4/4
   646 | D:1      | Reached XP level 2. HP: 19/19 MP: 1/5
  1084 | D:2      | Reached XP level 3. HP: 7/24 MP: 1/6
  1461 | D:2      | Reached skill level 4 in Conjurations
  1667 | D:3      | Learned a level 2 spell: Searing Ray
  1686 | D:3      | Reached XP level 4. HP: 18/30 MP: 1/8
  2884 | D:4      | Reached XP level 5. HP: 26/35 MP: 4/9
  2893 | D:4      | Reached skill level 5 in Conjurations
  3126 | D:4      | Found a staircase to the Ecumenical Temple.
  3132 | Temple   | Entered the Ecumenical Temple
  3175 | Temple   | Became a worshipper of Vehumet
  3386 | D:4      | Reached XP level 6. HP: 35/41 MP: 6/11
  3499 | D:4      | Learned a level 4 spell: Iskenderun's Battlesphere
  3553 | D:5      | Entered Level 5 of the Dungeon
  3553 | D:5      | Found a deep blue altar of Sif Muna.
  3567 | D:5      | Found a sand-covered staircase.
  3625 | Ossuary  | Entered an ossuary
  4013 | D:5      | Reached skill level 1 in Charms
  4517 | D:5      | Reached XP level 7. HP: 39/46 MP: 4/14
  4701 | D:5      | Found a burning altar of Makhleb.
  4932 | D:5      | Reached skill level 6 in Conjurations
  5262 | D:6      | Got an ancient sabre
  5263 | D:6      | Identified the +5,+6 sabre of Darol {freeze, Str+4 Dex+4} (You found it on level 6 of the Dungeon)
  5263 | D:6      | Identified the +5,+6 sabre of Darol {freeze, Str+4 Dex+4} (You found it on level 6 of the Dungeon)
  5304 | D:6      | Acquired Vehumet's first power
  5304 | D:6      | Offered knowledge of Sandblast by Vehumet.
  5824 | D:6      | Reached XP level 8. HP: 33/52 MP: 6/17
  6065 | D:6      | Noticed ark's ghost (experienced TrEE)
  6075 | D:6      | Mangled by ark's ghost

Action                   |  1- 3 |  4- 6 |  7- 9 || total
-------------------------+-------+-------+-------++-------
Melee: Dagger            |   142 |   110 |       ||   252
       Sabre             |       |       |    23 ||    23
 Cast: Magic Dart        |    20 |    26 |    11 ||    57
       Searing Ray       |     1 |    19 |    15 ||    35
       Iskenderun's Batt |       |       |     6 ||     6
Evoke: Wand              |       |     1 |       ||     1
  Use: Scroll            |     4 |     3 |     5 ||    12
       Potion            |     1 |     8 |       ||     9
 Stab: Sleeping          |     4 |     4 |     2 ||    10
